 Dungeon Crawl Stone Soup version 0.28-a0-474-g535839065c (webtiles) character file.

Game seed: 5067376954420909774

25403 frogsbabysitter the Grappler (level 12, -5/124 HPs)
             Began as a Troll Fighter on Sept 15, 2021.
             Was a High Priest of Okawaru.
             Slain by an entropy weaver simulacrum (36 damage)
             ... in an ice cave.
             The game lasted 00:42:12 (11049 turns).

frogsbabysitter the Grappler (Troll Fighter)       Turns: 11049, Time: 00:42:13

Health: -5/124     AC:  9    Str: 35    XL:     12   Next: 89%
Magic:  14/14      EV:  9    Int:  6    God:    Okawaru [*****.]
Gold:   839        SH:  8    Dex:  9    Spells: 11/11 levels left

rFire   . . .      SeeInvis .     - Unarmed
rCold   . . .      Faith    .   b - +0 kite shield
rNeg    . . .      Spirit   .   O - +0 troll leather armour
rPois   .          Reflect  .   (helmet restricted)
rElec   .          Harm     .   H - +2 cloak
rCorr   .          Rampage  .   (gloves unavailable)
Will    .....                   (boots unavailable)
Stlth   +.........              (no amulet)
HPRegen 2.30/turn               r - +4 ring of slaying
MPRegen 0.14/turn               t - +6 ring of strength

@: no status effects
A: large, unfitting armour, claws 3, regeneration 1, shaggy fur 1, tough skin 1
a: Renounce Religion, Heroism, Finesse, Duel


You were in an ice cave.
You worshipped Okawaru.
Okawaru was extremely pleased with you.
You visited 3 branches of the dungeon, and saw 13 of its levels.
You also visited: Ice Cave.

You collected 839 gold pieces.

Inventory:

Hand Weapons
 a - a +1 vorpal hand crossbow
 p - a +4 dagger of protection
 C - a +0 giant spiked club
Missiles
 g - 333 stones
 q - 6 atropa-tipped darts
 x - 7 boomerangs (quivered)
 L - 3 silver javelins
 P - 11 large rocks
 V - 4 datura-tipped darts
Armour
 b - a +0 kite shield (worn)
 H - a +2 cloak (worn)
 O - a +0 troll leather armour (worn)
 W - a +0 tower shield
 X - a +1 robe of the Archmagi
Jewellery
 r - a +4 ring of slaying (left claw)
 t - a +6 ring of strength (right claw)
 B - a ring of poison resistance
 F - a +6 ring of intelligence
 J - a +4 ring of evasion
Wands
 s - a wand of acid (20)
 M - a wand of mindburst (5)
 N - a wand of digging (5)
 Q - a wand of polymorph (6)
Scrolls
 d - 7 scrolls of teleportation
 f - a scroll of magic mapping
 j - 2 scrolls of immolation
 m - a scroll of brand weapon
 n - a scroll of blinking
 v - a scroll of enchant weapon
 G - 2 scrolls of summoning
 R - a scroll of amnesia
Potions
 c - 3 potions of might
 e - a potion of invisibility
 h - a potion of attraction
 i - 2 potions of flight
 k - 4 potions of brilliance
 l - 5 potions of heal wounds
 o - 3 potions of degeneration
 u - a potion of lignification
 w - a potion of mutation
 z - a potion of cancellation {unknown}
 A - 3 potions of ambrosia
 E - 3 potions of curing
 K - a potion of resistance {unknown}
Miscellaneous
 T - a phantom mirror
 U - a box of beasts


   Skills:
 + Level 9.6 Fighting
 + Level 5.7 Throwing
 - Level 2.8 Dodging
 - Level 0.1 Stealth
 + Level 6.8 Shields
 - Level 14.8 Unarmed Combat
 * Level 4.9 Invocations


You had 11 spell levels left.
You didn't know any spells.
Your spell library contained the following spells:

 Spells                   Type           Power      Damage    Failure   Level
 Apportation              Tloc           0%         N/A       65%         1
 Pain                     Necr           0%         1d4       65%         1
 Sublimation of Blood     Necr           0%         N/A       78%         2
 Portal Projectile        Hex/Tloc       0%         N/A       95%         3
 Leda's Liquefaction      Hex/Erth       0%         N/A       100%        4
 Agony                    Necr           0%         N/A       100%        5
 Excruciating Wounds      Necr           0%         N/A       100%        5
 Eringya's Noxious Bog    Tmut/Pois      0%         N/A       100%        6
 Disjunction              Tloc           0%         N/A       100%        8
 Death's Door             Necr           0%         N/A       100%        9
 Call Canine Familiar     Summ           Unusable   N/A       N/A         3
 Infestation              Necr           Unusable   N/A       N/A         8

Dungeon Overview and Level Annotations

Branches:
Dungeon (11/15)            Temple (1/1) D:5            Lair (1/6) D:11
    Orc (0/2) D:11          IceCv (1/1)

Altars:
Ashenzari
Cheibriados
Dithmenos
Elyvilon
Fedhas
Gozag
Hepliaklqana
Kikubaaqudgha
Makhleb
Nemelex Xobeh
Okawaru
Qazlal
Ru
Sif Muna
Trog
Uskayaw
Vehumet
Wu Jian
Xom
Yredelemnul
Zin
The Shining One
Beogh

Annotations:
D:8 exclusion: downstairs


Innate Abilities, Weirdness & Mutations

You are too large for most types of armour.
You have claws for hands.
Your natural rate of healing is unusually fast.
You are covered in fur. (AC +1)
You have tough skin. (AC +1)


Message History

Your claws slow down.
Magic restored.
A freezing wraith comes into view.
A freezing wraith is nearby!
Throw: 7 boomerangs
Press: ? - help, Q - select action, (/) - cycle Shift-Dir - straight line, f - freezing wraith
Aim: a freezing wraith (66% to hit)
You throw a boomerang.
The boomerang hits the freezing wraith but does no damage.
An entropy weaver simulacrum comes into view.
Throw: 7 boomerangs
Press: ? - help, Q - select action, (/) - cycle Shift-Dir - straight line, f/p - freezing wraith
Aim: a freezing wraith (66% to hit)
You throw a boomerang.
The boomerang hits the freezing wraith!!
The freezing wraith is moderately damaged.
Throw: 7 boomerangs
Press: ? - help, Q - select action, (/) - cycle Shift-Dir - straight line, f/p - freezing wraith
Aim: a freezing wraith (moderately damaged, 66% to hit)
You throw a boomerang.
The boomerang closely misses the freezing wraith.
Unknown command.
You mangle the freezing wraith!!
You destroy the freezing wraith!
Okawaru accepts your kill.
You block the entropy weaver simulacrum's attack. x2
The entropy weaver simulacrum hits you but does no damage.
The entropy weaver simulacrum hits you.
The entropy weaver simulacrum freezes you!!
You mangle the entropy weaver simulacrum!!
The entropy weaver simulacrum is heavily damaged.
You block the entropy weaver simulacrum's attack.
The entropy weaver simulacrum hits you.
The entropy weaver simulacrum freezes you!
The entropy weaver simulacrum hits you!
The entropy weaver simulacrum freezes you!!
The entropy weaver simulacrum hits you!
* * * LOW HITPOINT WARNING * * *
The entropy weaver simulacrum freezes you!!!
You die...

#..# #...#
#...# #...#
#... #..##
######Z.#
##...###@##
##.....##..#
#...#...#..#
#..####....#
##..# ##...#
##..## ##.##
##...# ###
##....## ##
#......#


You could see an entropy weaver simulacrum.

Vanquished Creatures
  A frost giant (D:11)
  Snorg (D:11)
  A boulder beetle (D:11)
  A hydra (D:11)
  A centaur warrior (D:9)
  4 two-headed ogres
  A tengu warrior (D:10)
  A skeletal warrior (D:11)
  A manticore (D:11)
  4 ugly things
  Maurice (D:8)
  An elephant (D:11)
  A black mamba (shapeshifter) (D:11)
  4 unseen horrors (D:11)
  2 gargoyles (D:11)
  Maggie (D:6)
  A freezing wraith (IceCv)
  A tengu conjurer (D:10)
  2 ice devils (Lair:1)
  4 trolls
  2 meliai (D:11)
  A tyrant leech (shapeshifter) (D:11)
  2 slime creatures (D:11)
  A meliai zombie (D:11)
  A shadow (D:11)
  2 vampires (D:11)
  2 wyverns
  4 yaks (D:11)
  2 basilisks (D:10)
  5 vampire mosquitoes (D:11)
  A death yak simulacrum (IceCv)
  An acid dragon (D:5)
  4 water moccasins
  Duvessa (D:6)
  2 hornet zombies (D:8)
  9 orc warriors
  A sky beast (D:8)
  3 black bears
  An ice beast (D:7)
  6 necrophages
  6 ogres
  4 centaurs
  A phantom (D:6)
  7 bullfrogs
  A gnoll sergeant (D:11)
  3 scorpions
  A two-headed ogre simulacrum (IceCv)
  3 cane toad simulacra (IceCv)
  A wyvern zombie (D:8)
  4 water moccasin zombies
  Dowan (D:6)
  A killer bee (D:11)
  An elephant simulacrum (IceCv)
  11 wights
  4 howler monkeys
  A human zombie (D:8)
  4 centaur zombies
  A gnoll shaman (D:8)
  8 orc priests
  A bullfrog skeleton (D:5)
  2 centaur skeletons
  A scorpion zombie (D:4)
  4 iguanas (D:6)
  9 orc wizards
  A polar bear simulacrum (IceCv)
  2 spriggan simulacra (IceCv)
  A troll simulacrum (IceCv)
  3 wolf simulacra (IceCv)
  A killer bee zombie (D:6)
  A hound zombie (D:4)
  3 howler monkey zombies
  3 mummies (D:8)
  3 gnolls (D:8)
  9 adders
  A shadow imp (D:6)
  A white imp (IceCv)
  An adder skeleton (D:4)
  3 worms
  4 dart slugs
  56 orcs
  7 bats
  A bat zombie (D:7)
  10 endoplasms
  9 goblins
  7 hobgoblins
  3 jackals (D:4)
  6 kobolds
  3 quokkas
  6 ball pythons
  3 frilled lizards
  A quokka skeleton (D:4)
  9 rats
  2 rat zombies (D:7)
325 creatures vanquished.

Vanquished Creatures (others)
  An unseen horror (D:11)
  A bush (D:4)
  A fungus (D:11)
  14 plants
17 creatures vanquished.

Grand Total: 342 creatures vanquished

Notes
Turn   | Place    | Note
-------+----------+-------------------------------------------
     0 | D:1      | frogsbabysitter the Troll Fighter began the quest for the
                  | Orb.
     0 | D:1      | Reached XP level 1. HP: 22/22 MP: 0/0
   145 | D:1      | Reached XP level 2. HP: 29/29 MP: 1/1
   330 | D:1      | Reached XP level 3. HP: 36/36 MP: 2/2
   689 | D:2      | Reached skill level 3 in Unarmed Combat
   815 | D:2      | Reached XP level 4. HP: 45/45 MP: 3/3
   942 | D:2      | Found a glowing golden altar of the Shining One.
  1475 | D:3      | Found a faded altar of an unknown god.
  2111 | D:4      | Reached XP level 5. HP: 53/53 MP: 4/4
  2169 | D:4      | Reached skill level 4 in Unarmed Combat
  2264 | D:4      | Reached XP level 6. HP: 62/62 MP: 5/5
  2336 | D:4      | Found a blossoming altar of Fedhas.
  2660 | D:4      | Reached skill level 5 in Unarmed Combat
  2689 | D:4      | Reached skill level 6 in Unarmed Combat
  2689 | D:4      | Reached XP level 7. HP: 66/70 MP: 6/6
  2717 | D:5      | Entered Level 5 of the Dungeon
  2765 | D:5      | Found a white marble altar of Elyvilon.
  2792 | D:5      | Got Rofemoits's Almanac of Toxins and the Compass
  2979 | D:6      | Reached skill level 7 in Unarmed Combat
  3009 | D:6      | Reached skill level 5 in Fighting
  3009 | D:6      | Reached XP level 8. HP: 43/80 MP: 7/7
  3083 | D:6      | Found a bloodstained altar of Trog.
  3085 | D:6      | Noticed Maggie
  3123 | D:6      | Killed Maggie
  3124 | D:6      | Reached skill level 8 in Unarmed Combat
  3235 | D:6      | Noticed Dowan
  3237 | D:6      | Reached skill level 9 in Unarmed Combat
  3238 | D:6      | Noticed Duvessa
  3240 | D:6      | Killed Dowan
  3251 | D:6      | Killed Duvessa
  3519 | D:6      | Reached XP level 9. HP: 86/89 MP: 8/8
  3682 | D:5      | Reached skill level 10 in Unarmed Combat
  3730 | D:5      | Found a staircase to the Ecumenical Temple.
  3783 | Temple   | Entered the Ecumenical Temple
  4038 | D:5      | Found a sparkling altar of Nemelex Xobeh.
  4366 | D:7      | Noticed a troll
  4632 | D:7      | Reached skill level 11 in Unarmed Combat
  4913 | D:7      | Killed a troll
  4980 | D:7      | Found an ancient bone altar of Kikubaaqudgha.
  5441 | D:8      | Noticed Maurice
  5474 | D:8      | Noticed a cyclops
  5474 | D:8      | Noticed a two-headed ogre
  5692 | D:8      | Reached XP level 10. HP: 34/91 MP: 9/9
  5862 | D:8      | Found an iron altar of Okawaru.
  5881 | D:8      | Became a worshipper of Warmaster Okawaru
  5991 | D:8      | Reached skill level 1 in Throwing
  6011 | D:8      | Noticed a two-headed ogre
  6043 | D:7      | Killed a two-headed ogre
  6043 | D:7      | Reached * piety under Okawaru
  6281 | D:8      | Found a basalt altar of Yredelemnul.
  6295 | D:8      | Reached skill level 12 in Unarmed Combat
  6586 | D:8      | Killed Maurice
  6991 | D:9      | Reached ** piety under Okawaru
  7045 | D:9      | Noticed a centaur warrior
  7531 | D:9      | Killed a centaur warrior
  7532 | D:9      | Reached skill level 1 in Invocations
  7547 | D:9      | Reached XP level 11. HP: 57/110 MP: 9/11
  7606 | D:10     | Entered Level 10 of the Dungeon
  7606 | D:10     | Noticed a two-headed ogre
  7620 | D:9      | Identified the +2 pair of gloves "Kupybo" {rN+ Slay+2}
  7627 | D:9      | Found a faded altar of an unknown god.
  7628 | D:9      | Found a hazy altar of Hepliaklqana.
  7917 | D:10     | Found a hide-covered altar of Uskayaw.
  7934 | D:10     | Killed a two-headed ogre
  7934 | D:10     | Reached *** piety under Okawaru
  8010 | D:10     | Identified the +10 quarterstaff "Mibozayn" {drain, +Blink}
  8110 | D:10     | Noticed a tengu warrior
  8121 | D:10     | Killed a tengu warrior
  8123 | D:10     | Reached skill level 13 in Unarmed Combat
  8390 | D:10     | Found a shimmering altar of Xom.
  8453 | D:10     | Got the Reference Book on Necromancy
  8603 | D:10     | Received a gift from Okawaru
  9247 | D:11     | Noticed Snorg
  9256 | D:11     | Killed Snorg
  9256 | D:11     | Reached **** piety under Okawaru
  9302 | D:11     | Noticed a green ugly thing
  9312 | D:11     | Killed a green ugly thing
  9313 | D:11     | Reached skill level 5 in Shields
  9320 | D:11     | Noticed a brown ugly thing
  9320 | D:11     | Noticed a two-headed ogre
  9320 | D:11     | Noticed a skeletal warrior
  9320 | D:11     | Noticed a five-headed hydra
  9365 | D:11     | Noticed a cyan ugly thing
  9392 | D:10     | Killed a brown ugly thing
  9569 | D:11     | Noticed a frost giant
  9686 | D:11     | Reached ***** piety under Okawaru
  9717 | D:11     | Received a gift from Okawaru
  9857 | D:11     | Killed a five-headed hydra
  9858 | D:11     | Reached XP level 12. HP: 46/123 MP: 13/13
  9902 | D:11     | Noticed a boulder beetle
  9946 | D:11     | Found a staircase to the Orcish Mines.
 10117 | D:11     | Reached skill level 14 in Unarmed Combat
 10140 | D:11     | Noticed an entropy weaver
 10143 | D:11     | an entropy weaver changed into a tyrant leech
 10192 | D:11     | Received a gift from Okawaru
 10211 | D:11     | Noticed a two-headed ogre
 10225 | D:11     | Noticed a two-headed ogre
 10228 | D:11     | Killed a two-headed ogre
 10337 | D:11     | Found a staircase to the Lair.
 10351 | D:11     | Killed a boulder beetle
 10352 | D:11     | Reached skill level 5 in Throwing
 10352 | D:11     | Received a gift from Okawaru
 10420 | D:11     | Killed a frost giant
 10462 | D:11     | Killed a two-headed ogre
 10462 | D:11     | Reached ****** piety under Okawaru
 10462 | D:11     | Received a gift from Okawaru
 10827 | Lair:1   | Entered Level 1 of the Lair of Beasts
 10921 | Lair:1   | Identified the +1 ring mail of Pragmatism {rElec rF+}
 10923 | Lair:1   | Found a frozen archway.
 10937 | Lair:1   | Received a gift from Okawaru
 10951 | IceCv    | Entered an ice cave
 11049 | IceCv    | Slain by an entropy weaver simulacrum

Illustrated notes

Levels and vault maps discovered:
D:1:      lightli_arrival_quake, layout_rooms, minmay_pentomino_q4
D:2:      layout_basic, basic_altar
D:3:      layout_basic, hellmonk_ecumenical_altar_heavens_door
D:4:      kennysheep_spiral_hall, layout_loops_ring, fedhas_altar_decomposition
D:5:      layout_cave_pools, lemuel_crystal_altar, lemuel_tele_altar,
          minmay_temple_entry_glassed_door
D:6:      layout_basic, bloody_trog, palyth_stone_intersect,
          minmay_strange_pillars, kennysheep_small_circle, uniq_maggie,
          uniq_duvessa
D:7:      layout_loops_corners, lemuel_zombie_altar_kikubaaqudgha,
          kennysheep_potato
D:8:      layout_gridville, lemuel_mausoleum_altar_yredelemnul,
          overflow_temple_1_default, lightli_corner_chamber, uniq_maurice
D:9:      layout_gridville, beargit_hepliaklqana_dungeon_heroes, special_room
          [special_room_orc], minivault_4
D:10:     layout_basic, general_overflow_altar, nicolae_uskayaw_suspiria
D:11:     minmay_the_grid_square_5x5_4x4_mashed
          [minmay_the_grid_square_5x5_hollow_slash,
          minmay_the_grid_square_5x5_two_small,
          minmay_the_grid_square_5x5_doubleslash,
          minmay_the_grid_square_5x5_three_small,
          minmay_the_grid_square_5x5_two_walls_a,
          minmay_the_grid_square_5x5_prize_itemx,
          minmay_the_grid_square_5x5_prize_waves,
          minmay_the_grid_square_5x5_gyroscope,
          minmay_the_grid_square_5x5_minibox,
          minmay_the_grid_square_5x5_prize_rear_guard,
          minmay_the_grid_square_5x5_prize_monsterx,
          minmay_the_grid_square_5x5_inner_i, minmay_the_grid_square_5x5_c,
          minmay_the_grid_square_5x5_empty, minmay_the_grid_square_5x5_shuriken,
          minmay_the_grid_square_5x5_intrusive_squares], layout_loops_ring,
          david_lair_generic, orc_0_dummy, minivault_16, minivault_19,
          uniq_snorg
Temple:   minmay_temple_bridge_abc
Lair:1:   layout_regular_city, portal_ice_cave_demonic_guard, st_stairs_5,
          infiniplex_staircase_pool, lemuel_fruit_fields
IceCv:    ice_cave_small_necro

Skill      XL: |  1  2  3  4  5  6  7  8  9 10 11 12 |
---------------+-------------------------------------+-----
Unarmed Combat | 3 4 6 7 9 11 12 13 14 | 14.8
Fighting       | 3 4 5 6 7 8 9 |  9.6
Throwing       | 3 4 5 |  5.7
Shields        | 4 5 6 |  6.8
Invocations    | 1 2 4 |  4.9
Dodging        | |  2.8
Stealth        | |  0.1

Action                   |  1- 3 |  4- 6 |  7- 9 | 10-12 || total
-------------------------+-------+-------+-------+-------++-------
Melee: Unarmed           |   106 |    97 |   217 |   406 ||   826
       Dagger            |       |       |       |    17 ||    17
Throw: Stone             |       |     3 |       |       ||     3
       Boomerang         |       |       |    33 |    91 ||   124
       Large rock        |       |       |       |     9 ||     9
Invok: Heroism           |       |       |       |    17 ||    17
       Finesse           |       |       |       |     2 ||     2
Evoke: Wand              |       |       |     1 |    11 ||    12
  Use: Scroll            |       |       |    13 |     8 ||    21
       Potion            |       |       |       |     1 ||     1
 Stab: Sleeping          |     1 |       |       |       ||     1
Armor: Robe              |    37 |    17 |    39 |    54 ||   147
       Troll leather arm |       |       |       |    92 ||    92
       Skin              |       |       |       |     2 ||     2
Dodge: Dodged            |    45 |    24 |    63 |   109 ||   241
Block: Kite shield       |    61 |    26 |    81 |   173 ||   341

Table legend: (Time is in decaauts)
 A = Elapsed time spent in this place.
 B = Non-inter-level travel time spent in this place.
 C = Inter-level travel time spent in this place.
 D = Time resting spent in this place.
 E = Time spent auto-exploring this place.
 F = Levels seen in this place.
 G = Mean time per level.
                   A        B        C        D        E       F      G
               +--------+--------+--------+--------+--------+-----+--------+
         Total |  11074 |  10301 |    773 |    622 |   5889 |  14 |  791.0 |
       Dungeon |  10755 |   9998 |    757 |    622 |   5848 |  11 |  977.7 |
        Temple |    116 |    100 |     16 |      0 |     41 |   1 |  116.0 |
          Lair |    120 |    120 |      0 |      0 |      0 |   1 |  120.0 |
      Ice Cave |     82 |     82 |      0 |      0 |      0 |   1 |   82.0 |
               +--------+--------+--------+--------+--------+-----+--------+

Top non-repeatable levels by time:
     D:8: 1592 daAuts
    D:10: 1415 daAuts
    D:11: 1340 daAuts
     D:7: 1256 daAuts
     D:9: 998 daAuts
     D:4: 915 daAuts
     D:3: 863 daAuts
     D:6: 802 daAuts
     D:5: 557 daAuts
     D:1: 544 daAuts
     D:2: 469 daAuts
  Lair:1: 120 daAuts
  Temple: 116 daAuts
   IceCv: 82 daAuts
